 Dungeon Crawl Stone Soup version 0.31.0-11-ge490571c62 (webtiles) character file.

Game seed: 15991274836683863617

219 PriceMaster the Firebug (level 5, -1/32 HPs)
             Began as an Octopode Fire Elementalist on Feb 6, 2024.
             Slain by a gnoll bouda
             ... wielding a +0 whip
              (12 damage)
             ... on level 3 of the Dungeon.
             The game lasted 00:04:36 (3207 turns).

PriceMaster the Firebug (OpFE)                      Turns: 3207, Time: 00:04:36

Health: -1/32      AC:  1    Str:  8    XL:     5   Next: 96%
Magic:  8/9        EV: 13    Int: 19    God:
Gold:   188        SH:  0    Dex: 12    Spells: 4/10 levels left

rFire   . . .        f - +2 hand axe (freeze)
rCold   . . .        (no shield)
rNeg    . . .        (helmet restricted)
rPois   .            g - amulet of magic regeneration
rElec   .            (no ring)
rCorr   .            (no ring)
SInv    .            (no ring)
Will    .....        (no ring)
Stlth   +++          (no ring)
HPRegen 0.25/turn    (no ring)
MPRegen 0.51/turn    (no ring)
                     (no ring)

%: no passive effects
@: weakened
A: almost no armour, amphibious, 8 rings, camouflage 1, gelatinous body 1,
(nimble swimmer 1), tentacles
a: no special abilities


You were on level 3 of the Dungeon.
You visited 1 branch of the dungeon, and saw 3 of its levels.

You collected 188 gold pieces.

Inventory:

Hand Weapons
 e - a +0 dagger
 f - a +2 hand axe of freezing (weapon)
Jewellery
 g - an amulet of magic regeneration (around mantle)
 k - an amulet of reflection
 o - a ring of magical power
Scrolls
 b - a scroll of identify {unknown}
 c - a scroll of vulnerability {unknown}
 d - a scroll of acquirement {unknown}
 j - a scroll of noise {unknown}
 l - a scroll of amnesia {unknown}
 m - a scroll of blinking {unknown}
Potions
 h - 2 potions of curing {unknown}
 i - a potion of lignification {unknown}
 n - 2 potions of degeneration {unknown}
 p - a potion of might {unknown}
 q - a potion of ambrosia {unknown}


   Skills:
 + Level 0.6 Fighting
 + Level 1.0 Axes
 + Level 2.2 Dodging
 + Level 3.8 Stealth
 + Level 3.3 Spellcasting
 + Level 2.3 Conjurations
 + Level 0.6 Hexes
 + Level 4.2 Fire Magic


You had 4 spell levels left.
You knew the following spells:

 Your Spells              Type           Power      Damage    Failure   Level
a - Foxfire               Conj/Fire      60%        2x1d7     3%          1
b - Scorch                Fire           38%        2d6       4%          2
c - Inner Flame           Hex/Fire       12%        N/A       16%         3

Your spell library contained the following spells:

 Spells                   Type           Power      Damage    Failure   Level
 Slow                     Hex            20%        N/A       12%         1
 Volatile Blastmotes      Fire/Tloc      22%        2d11      19%         3
 Confusing Touch          Hex            5%         N/A       34%         3
 Sigil of Binding         Hex            5%         N/A       34%         3
 Flame Wave               Conj/Fire      15%        2d7       36%         4
 Gell's Gravitas          Tloc           3%         N/A       41%         3
 Teleport Other           Tloc           3%         N/A       41%         3
 Vampiric Draining        Necr           3%         2d6       41%         3
 Dispersal                Tloc           1%         N/A       100%        6


Dungeon Overview and Level Annotations

Branches:
Dungeon (3/15)

Altars:


Innate Abilities, Weirdness & Mutations

You cannot wear most types of armour.
You are amphibious.
You can wear up to eight rings at the same time.
Your skin changes colour to match your surroundings (Stealth+).
Your rubbery body absorbs attacks. (AC +1, EV +1)
((You are camouflaged when in or above water. (Stealth+)))
You have tentacles for arms and can constrict up to eight enemies at once.


Message History

The kobold is filled with an inner flame.
The gnoll barely misses you.
Casting: Inner Flame (quite dangerous; 17% risk of failure)
Confirm with . or Enter, or press ? or * to list all spells.
Flames lash the gnoll bouda.
The gnoll bouda is moderately wounded.
The gnoll bouda's fire resistance burns away.
The kobold throws a stone.
The stone hits you.
The gnoll bouda barks out a call to the hunt!
The gnolls pick up the pace!
The gnoll hits you with a +0 club.
You hit the gnoll. You freeze the gnoll. You grab the gnoll.
The gnoll is moderately wounded.
You constrict the gnoll.
You lose your grip on the gnoll.
The kobold misses you.
There is an open door here.
The gnoll attacks as it pursues you! The gnoll hits you with a +0 flail!
The gnoll hits you with a +0 flail.
There is an open door, spattered with blood here.
Casting: Scorch (safe; 4% risk of failure)
Confirm with . or Enter, or press ? or * to list all spells.
Flames lash the gnoll.
You kill the gnoll!
The gnoll bouda is no longer more vulnerable to fire.
The gnoll closely misses you.
Your Axes skill increases to level 1!
Magic courses through your body.
Okay, then.
The gnoll bouda gazes fiercely through you!
You feel your attacks grow feeble. The gnoll bouda barely misses you.
Casting: Scorch (safe; 4% risk of failure)
Confirm with . or Enter, or press ? or * to list all spells.
Flames lash the gnoll.
The gnoll is moderately wounded.
The gnoll's fire resistance burns away.
The gnoll hits you with a +0 flail.
The gnoll bouda gazes fiercely through you!
You feel as though you will be weak longer.
The gnoll bouda hits you with a +0 whip!
You die...

###.##.##.##.##.##.##.##..####
#.###...###...###...###.......
####.##.....#.....#.....#+#...#
......'..♣..'.....'..♣..'.....#
####..#.....#)....#.....#.....#
.# #.###...###...###...###....+
÷#####.##.##.##.##.##÷##.##...#
.).##...#'#...###...#'#...##..###
.#.'.....'..⌠..g@.⌠..'.....+...##
#####...###...#g#...###...###....
# ##.## ##.##K##.## ##.###...#. #
### ###.))### ### #..##. #.....#
#...#. ### +..♣..+ #####. ..# #..
..# #. ..# ##. .## #. ..# ## ##
..


You could see a gnoll bouda, a gnoll (swift, combustible) and a kobold (inner
flame).

Vanquished Creatures
  A centaur (D:3)
  A bombardier beetle (D:3)
  Jessica (D:2)
  2 gnolls (D:3)
  2 adders
  5 ball pythons
  5 bats
  3 endoplasms
  3 giant cockroaches
  7 goblins
  A hobgoblin (D:3)
  5 kobolds
  3 quokkas
  3 frilled lizards
  6 rats
48 creatures vanquished.

Vanquished Creatures (others)
  71 foxfires
71 creatures vanquished.

Grand Total: 119 creatures vanquished

Notes
Turn   | Place    | Note
-------+----------+-------------------------------------------
     0 | D:1      | PriceMaster the Octopode Fire Elementalist began the quest
                  | for the Orb.
     0 | D:1      | Reached XP level 1. HP: 11/11 MP: 3/3
   127 | D:1      | Found a faded altar of an unknown god.
   215 | D:1      | Reached XP level 2. HP: 17/17 MP: 3/5
   276 | D:1      | Learned a level 2 spell: Scorch
  1017 | D:2      | Reached XP level 3. HP: 12/21 MP: 0/6
  1021 | D:2      | Learned a level 3 spell: Inner Flame
  1559 | D:2      | Noticed Jessica
  1562 | D:2      | Killed Jessica
  1563 | D:2      | Reached XP level 4. HP: 27/27 MP: 3/8
  2680 | D:3      | Reached skill level 4 in Fire Magic
  2852 | D:3      | Noticed a centaur
  2860 | D:3      | Killed a centaur
  2861 | D:3      | Reached XP level 5. HP: 17/32 MP: 1/9
  3205 | D:3      | Reached skill level 1 in Axes
  3207 | D:3      | Slain by a gnoll bouda

Illustrated notes

Levels and vault maps discovered:
D:1:      minmay_arrival_five_plusses, layout_basic,
          hellmonk_ecumenical_altar_arch_garden, minmay_tetromino_s2
D:2:      layout_basic, minmay_misc_feat_rows, uniq_jessica
D:3:      layout_basic, nicolae_hexahallways

Skill      XL: |  1  2  3  4  5 |
---------------+----------------+-----
Stealth        | 3 |  3.8
Fire Magic     | 4 |  4.2
Spellcasting   | 3 |  3.3
Conjurations   | 2 |  2.3
Axes           | 1 |  1.0
Fighting       | |  0.6
Dodging        | |  2.2
Hexes          | |  0.6

Action                     |  1- 3 |  4- 6 || total
---------------------------+-------+-------++-------
  Melee: Unarmed           |     6 |       ||     6
         Constrict         |     4 |     6 ||    10
         Tentacles         |     3 |     3 ||     6
         Hand axe          |    14 |    15 ||    29
   Cast: Foxfire           |    33 |    13 ||    46
         Scorch            |     4 |     8 ||    12
         Inner Flame       |     3 |     3 ||     6
    Use: Potion            |       |     1 ||     1
   Stab: Sleeping          |     1 |     6 ||     7
 Armour: Skin              |    10 |    18 ||    28
  Dodge: Dodged            |    19 |    20 ||    39
